 Dungeon Crawl Stone Soup version 0.17.1-1-g73c8601 (webtiles) character file.

266 trogs the Conjurer (level 6, -5/32 HPs)
             Began as a Tengu Conjurer on Jan 4, 2016.
             Slain by an orc warrior
             ... wielding a +0 dire flail
              (19 damage)
             ... on level 4 of the Dungeon.
             The game lasted 00:31:48 (3341 turns).

trogs the Conjurer (Tengu Conjurer)                 Turns: 3341, Time: 00:31:48

Health: -5/32      AC:  2    Str:  9      XL:     6   Next: 20%
Magic:  3/14       EV: 12    Int: 15 (17) God:
Gold:   92         SH:  0    Dex: 14      Spells: 4 memorised, 5 levels left

rFire  . . .     SeeInvis .     m - +2 whip (elec)
rCold  . . .     Clarity  .     a - +0 robe
rNeg   . . .     SustAt   .     (no shield)
rPois  .         Gourm    .     (helmet restricted)
rElec  .         Spirit   .     (no cloak)
rCorr  .         Warding  .     (no gloves)
rMut   .         Stasis   .     (boots unavailable)
MR     .....                    (no amulet)
Stlth  ++........               (no ring)
                                (no ring)

@: very slightly contaminated, not resistant to hostile enchantments, unstealthy
A: beak, talons 3, able to fly 1
a: Fly


You were on level 4 of the Dungeon.
You were not hungry.

You visited 2 branches of the dungeon, and saw 5 of its levels.

You collected 92 gold pieces.

Inventory:

Hand Weapons
 f - a +0 whip
 g - a +0 dagger
 m - a +2 whip of electrocution (weapon)
 p - a +1 vampiric spear
 w - a +0 long sword
Missiles
 r - 46 stones (quivered)
 t - 18 silver bolts
 x - 6 tomahawks
 B - a throwing net
Armour
 a - a +0 robe (worn)
 n - a +0 robe
Wands
 s - a wand of enslavement (1)
Scrolls
 e - 2 scrolls of amnesia
 h - a scroll of fear
 j - a scroll of blinking {unknown}
 o - 2 scrolls of remove curse
 y - a scroll of noise
Potions
 l - 3 potions of curing
Books
 b - a book of Conjurations

   Spells                             Type                      Level
   a - Magic Dart                     Conjuration                  1
   b - Searing Ray                    Conjuration                  2
   c - Dazzling Spray                 Conjuration/Hexes            3
   d - Fulminant Prism                Conjuration/Hexes            4
   e - Iskenderun's Mystic Blast      Conjuration                  4
   f - Iskenderun's Battlesphere      Conjuration/Charms           5
Comestibles
 c - 4 bread rations
 d - 3 meat rations
 i - a chunk of flesh


   Skills:
 - Level 2.1 Dodging
 - Level 2.0 Stealth
 + Level 5.1 Spellcasting
 - Level 6.7 Conjurations


You had 5 spell levels left.
You knew the following spells:

 Your Spells              Type           Power        Failure   Level  Hunger
a - Magic Dart            Conj           ###.         1%          1    None
b - Searing Ray           Conj           ###...       1%          2    ##.....
c - Dazzling Spray        Conj/Hex       ##......     14%         3    ###....
d - Iskenderun's Mystic   Conj           ###.....     14%         4    ####...


Dungeon Overview and Level Annotations

Branches:
Dungeon (4/15)             Temple (1/1) D:4

Altars:
Ashenzari
Dithmenos
Gozag
Makhleb
Nemelex Xobeh
Okawaru
Ru
Trog
Xom
Yredelemnul
The Shining One

Annotations:
D:4 Sigmund


Innate Abilities, Weirdness & Mutations

You have a beak for a mouth.
You have claws for feet.
You can fly.


Message History

The orc warrior hits you with a dire flail.
Casting: Iskenderun's Mystic Blast
Confirm with . or Enter, or press ? or * to list all spells.
Aiming: Iskenderun's Mystic Blast
Press: ? - help, Shift-Dir - straight line, f/p - orc warrior
Aim: an orc warrior, wielding a dire flail and wearing a chain mail The orb of energy misses the orc warrior.
The orb of energy explodes!
Casting: Iskenderun's Mystic Blast
Confirm with . or Enter, or press ? or * to list all spells.
Aiming: Iskenderun's Mystic Blast
Press: ? - help, Shift-Dir - straight line, f/p - orc warrior
Aim: an orc warrior, wielding a dire flail and wearing a chain mail The orb of energy hits the orc warrior.
The orc warrior is moderately wounded.
You hear a shout!
The orc warrior hits you with a dire flail!
The orc warrior hits you with a dire flail!!
Ouch! That really hurt!
You die...

.##.......# #....##
).##......#
##.o...#
..###....##
#.....## #..#######
##....## #..##
##...### ##.<#
#..### #..## ##.##
##..# ##o.# ##...##
#@.##
...#..##########.##
...##...[>.......#
...#..##########.##
### .<#..##
#..###.## ..#.##
##......## .#..#
#.......# #####
##.###### ###


You could see an orc warrior and an orc (wandering).

Vanquished Creatures
  A crimson imp (D:3)
  A centaur skeleton (D:3)
  A worker ant (D:4)
  9 adders
  4 worms
  2 giant geckos (D:2)
  13 orcs
  2 ball pythons (D:2)
  7 hobgoblins
  7 kobolds
  3 quokkas
  6 bats
  2 giant cockroaches
  A giant newt (D:3)
  9 goblins
  3 jackals (D:1)
  6 rats
77 creatures vanquished.

Notes
Turn   | Place    | Note
--------------------------------------------------------------
     0 | D:1      | trogs the Tengu Conjurer began the quest for the Orb.
     0 | D:1      | Reached XP level 1. HP: 10/10 MP: 4/4
   276 | D:1      | Reached XP level 2. HP: 15/15 MP: 4/6
   684 | D:2      | Learned a level 2 spell: Searing Ray
   761 | D:2      | Reached skill level 6 in Conjurations
   761 | D:2      | Reached XP level 3. HP: 8/19 MP: 1/7
   924 | D:2      | Found a burning altar of Makhleb.
  1082 | D:2      | Reached XP level 4. HP: 22/24 MP: 5/9
  1619 | D:3      | Gained mutation: You can fly. [Tengu growth]
  1619 | D:3      | Reached XP level 5. HP: 28/28 MP: 11/11
  2015 | D:3      | Found an opulent altar of Gozag.
  2016 | D:3      | Found a sparkling altar of Nemelex Xobeh.
  2103 | D:3      | Reached XP level 6. HP: 32/32 MP: 4/14
  2387 | D:4      | Noticed Sigmund
  2505 | D:4      | Found a staircase to the Ecumenical Temple.
  2528 | Temple   | Entered the Ecumenical Temple
  3058 | Temple   | Learned a level 3 spell: Dazzling Spray
  3063 | Temple   | Learned a level 4 spell: Iskenderun's Mystic Blast
  3155 | D:4      | Reached skill level 5 in Spellcasting
  3341 | D:4      | Slain by an orc warrior

Action                   |  1- 3 |  4- 6 || total
-------------------------+-------+-------++-------
Melee: Dagger            |    15 |       ||    15
       Unarmed           |     5 |       ||     5
       Whip              |    14 |    79 ||    93
Throw: Stone             |       |     5 ||     5
 Cast: Magic Dart        |    61 |    40 ||   101
       Searing Ray       |       |     5 ||     5
       Iskenderun's Myst |       |     2 ||     2
  Use: Potion            |     1 |     4 ||     5
       Scroll            |       |     9 ||     9
 Stab: Sleeping          |       |     2 ||     2
  Eat: Bread ration      |     1 |     1 ||     2
       Chunk             |       |     2 ||     2
